 Dungeon Crawl Stone Soup version 0.32-a0-871-ge202e49faa (webtiles) character file.

Game seed: 11816462319502667986

148 SgtShock the Trooper (level 5, -4/4 HPs)
             Began as a Minotaur Berserker on Mar 29, 2024.
             Was a Believer of Trog.
             Slain by a bombardier beetle (5 damage)
             ... on level 3 of the Dungeon on Mar 30, 2024.
             The game lasted 00:08:29 (2435 turns).

SgtShock the Trooper (Minotaur Berserker)           Turns: 2435, Time: 00:08:30

Health: -4/4       AC:  0    Str: 24    XL:     5   Next: 8%
Magic:  4/4        EV: 11    Int:  4    God:    Trog [**....]
Gold:   140        SH:  0    Dex:  9    Spells: 4/4 levels left

rFire   . . .        a - +0 falchion
rCold   . . .        (no shield)
rNeg    . . .        n - melded +1 chain mail {Will+}
rPois   .            (helmet restricted)
rElec   .            (no cloak)
rCorr   .            (no gloves)
SInv    .            (no boots)
Will    .....        (no amulet)
Stlth   +            (no ring)
HPRegen 0.20/turn    (no ring)
MPRegen 0.09/turn

%: no passive effects
@: maw-form
A: devouring maw, reduced hp, horns 2, retaliatory headbutt
a: Begin Untransformation, Renounce Religion, Berserk, Trog's Hand


You were on level 3 of the Dungeon.
You worshipped Trog.
Trog was pleased with you.
You were a creature with a mouth for a stomach.
You visited 1 branch of the dungeon, and saw 3 of its levels.

You collected 140 gold pieces.

Inventory:

Hand Weapons
 a - a +0 falchion (weapon)
Armour
 b - a +0 animal skin
 d - a +0 ring mail
 e - a +0 ring mail
 j - the +1 chain mail of Ygo Wops {rC++ Stlth+}
   (You found it on level 2 of the Dungeon)

   rC++:      It greatly protects you from cold.
   Stlth+:    It makes you more stealthy.
 n - a +1 chain mail of willpower (melded)
Jewellery
 k - a +4 ring of protection
Talismans
 o - a maw talisman (active)
Scrolls
 c - 3 scrolls of identify {unknown}
 g - a scroll of blinking {unknown}
 h - 2 scrolls of vulnerability {unknown}
 i - 3 scrolls of fear {unknown}
 p - a scroll of enchant armour {unknown}
Potions
 f - 2 potions of lignification {unknown}
 l - a potion of brilliance {unknown}
 m - a potion of curing {unknown}


   Skills:
 + Level 4.6 Fighting
 + Level 4.6 Long Blades
 + Level 3.9 Armour
 + Level 3.4 Dodging


You had 4 spell levels left.
You didn't know any spells.
Your spell library contained the following spells:

 Spells                   Type           Power      Damage    Failure   Level
 Necrotise                Necr           0%         1d4       50%         1
 Vampiric Draining        Necr           0%         2d6       86%         3
 Martyr's Knell           Necr/Summ      0%         N/A       99%         4
 Curse of Agony           Necr           0%         N/A       100%        5


Dungeon Overview and Level Annotations

Branches:
Dungeon (3/15)

Altars:
Ru


Innate Abilities, Weirdness & Mutations

You are a creature with a mouth for a stomach.
Your midsection houses a second, enormous mouth.
Your maximum health is decreased, since you lack skill for your form.
You have a pair of horns on your head.
You reflexively headbutt those who attack you in melee.


Message History

Found a scroll labelled SUSTRI MINOSKIU.
You see here a dart slug corpse.
Found a club.
You see here a +0 robe.
p - a scroll labelled SUSTRI MINOSKIU You begin transforming.
You continue transforming. x3
You turn into a creature with a mouth for a stomach.
Your +1 chain mail of willpower melds into your body.
You feel less strong-willed.
You see here a +0 robe.
You see here a +0 leather armour.
You now have 130 gold pieces (gained 14).
You now have 140 gold pieces (gained 10).
Found a stone staircase leading up.
You open the door.
There is an open door here.
A bombardier beetle comes into view.
The bombardier beetle sprays incendiary fluid at you.
The burning spray misses you.
You hit the bombardier beetle but do no damage.
Your headbutt misses the bombardier beetle.
You bite the bombardier beetle, but do no damage.
You hit the bombardier beetle.
Your headbutt misses the bombardier beetle.
Your bite misses the bombardier beetle.
The bombardier beetle is lightly wounded.
The bombardier beetle closely misses you.
You hit the bombardier beetle.
The bombardier beetle is heavily wounded.
You hit the bombardier beetle.
You bite the bombardier beetle, but do no damage.
The bombardier beetle is heavily wounded.
The bombardier beetle bites you.
Ouch! That really hurt!
* * * LOW HITPOINT WARNING * * *
You hit the bombardier beetle but do no damage.
The bombardier beetle is heavily wounded.
The bombardier beetle bites you.
Ouch! That really hurt!
You die...

# ### # #.### # #...
######### #####B#
........# #....W#
#######.####'#######
# #.............. ##
#.........##### .#
#...........#
#######
.#####.........#.#
#......
.#....#..#÷#####.#
#......
#####....÷...# #.#
###......
........#..#.#
#.########........


You could see a bombardier beetle.

Vanquished Creatures
  Crazy Yiuf (D:2)
  Terence (D:2)
  An iguana (D:3)
  2 adders
  A dart slug (D:3)
  A ribbon worm (D:3)
  An orc (D:3)
  5 ball pythons
  6 endoplasms
  3 goblins
  3 hobgoblins
  4 jackals
  5 quokkas
  6 bats
  A frilled lizard (D:1)
  2 kobolds (D:1)
  5 rats
48 creatures vanquished.

Notes
Turn   | Place    | Note
-------+----------+-------------------------------------------
     0 | D:1      | SgtShock the Minotaur Berserker began the quest for the
                  | Orb.
     0 | D:1      | Reached XP level 1. HP: 19/19 MP: 0/0
   250 | D:1      | Reached XP level 2. HP: 25/27 MP: 1/1
   402 | D:1      | Reached ** piety under Trog
   787 | D:2      | Identified the +1 chain mail of Ygo Wops {rC++ Stlth+}
   886 | D:2      | Reached XP level 3. HP: 33/33 MP: 2/2
  1029 | D:2      | Found a faded altar of an unknown god.
  1247 | D:2      | Noticed Terence
  1258 | D:2      | Killed Terence
  1432 | D:2      | Found a runed translucent door.
  1433 | D:2      | Noticed Crazy Yiuf
  1441 | D:2      | Killed Crazy Yiuf
  1442 | D:2      | Reached XP level 4. HP: 4/41 MP: 1/3
  2167 | D:3      | Found a sacrificial altar of Ru.
  2226 | D:3      | Reached XP level 5. HP: 42/47 MP: 4/4
  2435 | D:3      | Slain by a bombardier beetle

Illustrated notes

Levels and vault maps discovered:
D:1:      mainiacjoe_arrival_oval_in_oval, layout_loops_ring,
          chequers_serial_rivers_small_b, minmay_pentomino_x4
D:2:      layout_loops_corners, hellmonk_ecumenical_altar_slurped_away,
          uniq_terence, uniq_crazy_yiuf_cottage
D:3:      layout_basic, hangedman_ru_absence

Skill      XL: |  1  2  3 |
---------------+----------+-----
Fighting       | 4 |  4.6
Long Blades    | 4 |  4.6
Armour         | 3 |  3.9
Dodging        | 3 |  3.4

Action                     |  1- 3 |  4- 6 || total
---------------------------+-------+-------++-------
  Melee: Falchion          |    72 |    44 ||   116
         Headbutt          |    11 |     6 ||    17
         Maw               |       |     2 ||     2
 Armour: Animal skin       |    15 |       ||    15
         Ring mail         |    25 |       ||    25
         Chain mail        |    26 |    44 ||    70
         Skin              |       |     2 ||     2
  Dodge: Dodged            |    46 |    36 ||    82
   Form: Maw               |       |     1 ||     1

Table legend: (Time is in decaauts)
 A = Elapsed time spent in this place.
 B = Non-inter-level travel time spent in this place.
 C = Inter-level travel time spent in this place.
 D = Time resting spent in this place.
 E = Time spent auto-exploring this place.
 F = Levels seen in this place.
 G = Mean time per level.
                   A        B        C        D        E       F      G
               +--------+--------+--------+--------+--------+-----+--------+
         Total |   2446 |   2258 |    188 |    113 |   1614 |   3 |  815.3 |
       Dungeon |   2446 |   2258 |    188 |    113 |   1614 |   3 |  815.3 |
               +--------+--------+--------+--------+--------+-----+--------+

Top non-repeatable levels by time:
     D:2: 1286 daAuts
     D:1: 746 daAuts
     D:3: 413 daAuts
